SAA
PHOENIX HOTSPUR YOUTH @ IRVING BLUE SOX
07/10/2037
 
TOP OF THE 1ST
Phoenix Hotspur Youth batting - Pitching for Irving Blue Sox : RHP Joe Holland
Pitching: RHP Joe Holland
Batting: RHB Eugene McClellan 0-0: Called Strike
0-1: Ball
1-1: Called Strike
1-2: Strikes out looking
Batting: LHB Carel Oskamp 0-0: Ball
1-0: SINGLE (Groundball, 34D, EV 98.1 MPH)
Batting: RHB Peer Kattenberg 0-0: Called Strike
0-1: Ball
1-1: Ball
2-1: DOUBLE (Flyball, 8LXD, EV 103.1 MPH)
Carel Oskamp to third
Batting: LHB Pancho Coloma 0-0: Called Strike
0-1: Ball
1-1: Ground out U3 (Groundball, 3L, EV 85.6 MPH)
Batting: RHB Fernando González 0-0: Called Strike
0-1: Foul Ball, location: 2F
0-2: Strikes out swinging
Top of the 1st over - 0 runs, 2 hits, 0 errors, 2 left on base; Phoenix Hotspur 0 - Irving 0
BOTTOM OF THE 1ST
Irving Blue Sox batting - Pitching for Phoenix Hotspur Youth : RHP José Correa
Pitching: RHP José Correa
Batting: LHB Mitchell Pate 0-0: Called Strike
0-1: Foul Ball, location: 2F
0-2: Ball
1-2: Ball
2-2: Strikes out looking
Batting: RHB Broderick Sarcoma 0-0: Called Strike
0-1: Called Strike
0-2: Foul Ball, location: 2F
0-2: Ball
1-2: Ball
2-2: Ball
3-2: SINGLE (Groundball, 15S, EV 67.5 MPH) (infield hit)
Batting: LHB Ánibal Leobardo 0-0: Swinging Strike
0-1: Ball
1-1: Called Strike
1-2: Strikes out swinging
Batting: SHB Govaart Baars 0-0: Ball
1-0: Ball
2-0: Called Strike
2-1: SINGLE (Groundball, 34D, EV 108.1 MPH)
Broderick Sarcoma to second
Runner from 2nd tries for 3rd, SAFE, no throw by RF
Batting: RHB Dave Maxwell 0-0: Ball
1-0: Single, Error in OF, E8, batter to second base (Groundball, 4MD, EV 103.8 MPH)
Broderick Sarcoma scores
Govaart Baars to third
Batting: LHB António Escobeda 0-0: Fly out, F7 (Flyball, 78S, EV 90.0 MPH)
Bottom of the 1st over - 1 run, 3 hits, 1 error, 2 left on base; Phoenix Hotspur 0 - Irving 1
TOP OF THE 2ND
Phoenix Hotspur Youth batting - Pitching for Irving Blue Sox : RHP Joe Holland
Batting: LHB Damian Alldred 0-0: Called Strike
0-1: SINGLE (Line Drive, 34D, EV 98.8 MPH)
Batting: RHB Nathan Pruitt 0-0: Ball
1-0: Foul Ball, location: 2F
1-1: Fly out, F8 (Flyball, 8LM, EV 81.2 MPH)
Batting: RHB Pedro Marín 0-0: Ball
1-0: Ball
2-0: Called Strike
2-1: Foul Ball, location: 2F
2-2: Strikes out swinging
Batting: LHB Joseph Antoine 0-0: Called Strike
0-1: Swinging Strike
0-2: Ball
1-2: Ball
2-2: Ground out U3 (Groundball, 3, EV 89.4 MPH)
Top of the 2nd over - 0 runs, 1 hit, 0 errors, 1 left on base; Phoenix Hotspur 0 - Irving 1
BOTTOM OF THE 2ND
Irving Blue Sox batting - Pitching for Phoenix Hotspur Youth : RHP José Correa
Batting: RHB Juan Perales 0-0: Called Strike
0-1: Foul Ball, location: 2F
0-2: Foul Ball, location: 2F
0-2: Ball
1-2: Foul Ball, location: 2F
1-2: Ball
2-2: Fly out, F7 (Flyball, 7S, EV 77.5 MPH)
Batting: SHB Franck Kooijmans 0-0: Fly out, F4 (Popup, 34D, EV 55.0 MPH)
Batting: RHB Nelson Morán 0-0: Ball
1-0: Called Strike
1-1: Ball
2-1: Ball
3-1: Foul Ball, location: 2F
3-2: Strikes out swinging
Bottom of the 2nd over - 0 runs, 0 hits, 0 errors, 0 left on base; Phoenix Hotspur 0 - Irving 1
TOP OF THE 3RD
Phoenix Hotspur Youth batting - Pitching for Irving Blue Sox : RHP Joe Holland
Batting: RHB Eugene McClellan 0-0: Called Strike
0-1: Called Strike
0-2: Strikes out swinging
Batting: LHB Carel Oskamp 0-0: Foul Ball, location: 2F
0-1: Ball
1-1: Ball
2-1: Swinging Strike
2-2: Ball
3-2: Strikes out swinging
Batting: RHB Peer Kattenberg 0-0: Called Strike
0-1: Ball
1-1: Ball
2-1: Fly out, F7 (Flyball, 7, EV 90.0 MPH)
Top of the 3rd over - 0 runs, 0 hits, 0 errors, 0 left on base; Phoenix Hotspur 0 - Irving 1
BOTTOM OF THE 3RD
Irving Blue Sox batting - Pitching for Phoenix Hotspur Youth : RHP José Correa
Batting: LHB Mitchell Pate 0-0: Ball
1-0: Ball
2-0: Ball
3-0: Called Strike
3-1: Base on Balls
Batting: RHB Broderick Sarcoma 0-0: Ball
1-0: Ball
2-0: Ball
3-0: Base on Balls
Mitchell Pate to second
Batting: LHB Ánibal Leobardo 0-0: Ball
1-0: Ball
2-0: Called Strike
2-1: Foul Ball, location: 2F
2-2: Strikes out looking
Batting: SHB Govaart Baars 0-0: Called Strike
0-1: Fly out, F9 (Flyball, 9S, EV 95.6 MPH)
Batting: RHB Dave Maxwell 0-0: Ball
1-0: Ball
2-0: Ball
3-0: Base on Balls
Mitchell Pate to third
Broderick Sarcoma to second
Batting: LHB António Escobeda 0-0: Fly out, F7 (Line Drive, 7, EV 108.8 MPH)
Bottom of the 3rd over - 0 runs, 0 hits, 0 errors, 3 left on base; Phoenix Hotspur 0 - Irving 1
TOP OF THE 4TH
Phoenix Hotspur Youth batting - Pitching for Irving Blue Sox : RHP Joe Holland
Batting: LHB Pancho Coloma 0-0: Ball
1-0: Ball
2-0: Foul Ball, location: 2F
2-1: Foul Ball, location: 2F
2-2: Foul Ball, location: 2F
2-2: Ball
3-2: Strikes out swinging
Batting: RHB Fernando González 0-0: Ball
1-0: Called Strike
1-1: Called Strike
1-2: Strikes out swinging
Batting: LHB Damian Alldred 0-0: Ground out U3 (Groundball, 3S, EV 61.9 MPH)
Top of the 4th over - 0 runs, 0 hits, 0 errors, 0 left on base; Phoenix Hotspur 0 - Irving 1
BOTTOM OF THE 4TH
Irving Blue Sox batting - Pitching for Phoenix Hotspur Youth : RHP José Correa
Batting: RHB Juan Perales 0-0: Called Strike
0-1: Ball
1-1: Ground out 6-3 (Groundball, 6, EV 86.2 MPH)
Batting: SHB Franck Kooijmans 0-0: Ball
1-0: Called Strike
1-1: Foul Ball, location: 2F
1-2: Fly out, F8 (Line Drive, 8LM, EV 90.6 MPH)
Batting: RHB Nelson Morán 0-0: Fly out, F1 (Line Drive, P, EV 65.6 MPH)
Bottom of the 4th over - 0 runs, 0 hits, 0 errors, 0 left on base; Phoenix Hotspur 0 - Irving 1
TOP OF THE 5TH
Phoenix Hotspur Youth batting - Pitching for Irving Blue Sox : RHP Joe Holland
Batting: RHB Nathan Pruitt 0-0: Ball
1-0: Ball
2-0: Ball
3-0: Base on Balls
Batting: RHB Pedro Marín 0-0: Called Strike
0-1: Foul Ball, location: 2F
0-2: Foul Ball, location: 2F
0-2: Ball
1-2: Ball
2-2: Foul Ball, location: 2F
2-2: Ball
3-2: Strikes out looking
Batting: LHB Joseph Antoine 0-0: Ball
1-0: Ground out 4-3 (Groundball, 4S, EV 70.6 MPH)
Nathan Pruitt to second
Batting: RHB Eugene McClellan 0-0: Called Strike
0-1: Called Strike
0-2: Ball
1-2: Strikes out swinging
Top of the 5th over - 0 runs, 0 hits, 0 errors, 1 left on base; Phoenix Hotspur 0 - Irving 1
BOTTOM OF THE 5TH
Irving Blue Sox batting - Pitching for Phoenix Hotspur Youth : RHP José Correa
Batting: LHB Mitchell Pate 0-0: Called Strike
0-1: Foul Ball, location: 2F
0-2: Strikes out swinging
Batting: RHB Broderick Sarcoma 0-0: Foul Ball, location: 2F
0-1: Ball
1-1: Ball
2-1: DOUBLE (Groundball, 3L, EV 105.6 MPH)
Batting: LHB Ánibal Leobardo 0-0: Foul Ball, location: 2F
0-1: Ball
1-1: Ball
2-1: Called Strike
2-2: Strikes out swinging
Batting: SHB Govaart Baars 0-0: Foul Ball, location: 2F
0-1: Ball
1-1: Called Strike
1-2: Fly out, F7 (Flyball, 7S, EV 87.5 MPH)
Bottom of the 5th over - 0 runs, 1 hit, 0 errors, 1 left on base; Phoenix Hotspur 0 - Irving 1
TOP OF THE 6TH
Phoenix Hotspur Youth batting - Pitching for Irving Blue Sox : RHP Joe Holland
Batting: LHB Carel Oskamp 0-0: Ball
1-0: Fly out, F8 (Line Drive, 8LD, EV 96.9 MPH)
Batting: RHB Peer Kattenberg 0-0: Called Strike
0-1: Fly out, F6 (Popup, 6MS, EV 56.9 MPH)
Batting: LHB Pancho Coloma 0-0: Ball
1-0: Ball
2-0: Swinging Strike
2-1: Foul Ball, location: 2F
2-2: Ball
3-2: Strikes out swinging
Top of the 6th over - 0 runs, 0 hits, 0 errors, 0 left on base; Phoenix Hotspur 0 - Irving 1
BOTTOM OF THE 6TH
Irving Blue Sox batting - Pitching for Phoenix Hotspur Youth : RHP José Correa
Batting: RHB Dave Maxwell 0-0: Foul Ball, location: 2F
0-1: Swinging Strike
0-2: Ball
1-2: Strikes out looking
Batting: LHB António Escobeda 0-0: Swinging Strike
0-1: Fly out, F6 (Line Drive, 6, EV 67.5 MPH)
Batting: RHB Juan Perales 0-0: Swinging Strike
0-1: Called Strike
0-2: Ball
1-2: Foul Ball, location: 2F
1-2: Strikes out swinging
Bottom of the 6th over - 0 runs, 0 hits, 0 errors, 0 left on base; Phoenix Hotspur 0 - Irving 1
TOP OF THE 7TH
Phoenix Hotspur Youth batting - Pitching for Irving Blue Sox : RHP Joe Holland
Batting: RHB Fernando González 0-0: Ball
1-0: Swinging Strike
1-1: Foul Ball, location: 2F
1-2: Ground out 6-3 (Groundball, 6MS, EV 78.8 MPH)
Batting: LHB Damian Alldred 0-0: Ground out 3-1 (Groundball, 34, EV 108.1 MPH)
Batting: RHB Nathan Pruitt 0-0: Ball
1-0: SINGLE (Line Drive, 5D, EV 93.8 MPH)
Batting: RHB Pedro Marín 0-0: Ball
1-0: Fielders Choice at 2nd, U6 (Groundball, 6M, EV 88.1 MPH)
Top of the 7th over - 0 runs, 1 hit, 0 errors, 1 left on base; Phoenix Hotspur 0 - Irving 1
BOTTOM OF THE 7TH
Irving Blue Sox batting - Pitching for Phoenix Hotspur Youth : RHP José Correa
Batting: SHB Franck Kooijmans 0-0: Called Strike
0-1: Ball
1-1: Swinging Strike
1-2: Ground out 4-3 (Groundball, 4D, EV 102.5 MPH)
Batting: RHB Nelson Morán 0-0: Called Strike
0-1: Swinging Strike
0-2: Ball
1-2: Strikes out swinging
Batting: LHB Mitchell Pate 0-0: Ground out U3 (Groundball, 3, EV 105.6 MPH)
Bottom of the 7th over - 0 runs, 0 hits, 0 errors, 0 left on base; Phoenix Hotspur 0 - Irving 1
TOP OF THE 8TH
Phoenix Hotspur Youth batting - Pitching for Irving Blue Sox : RHP Joe Holland
Batting: LHB Joseph Antoine 0-0: Ball
1-0: Called Strike
1-1: Ball
2-1: Foul Ball, location: 2F
2-2: Foul Ball, location: 2F
2-2: Ground out U3 (Groundball, 3, EV 108.1 MPH)
Batting: RHB Eugene McClellan 0-0: Ball
1-0: Ball
2-0: Ball
3-0: Called Strike
3-1: Base on Balls
Batting: LHB Carel Oskamp 0-0: Ball
1-0: Ball
2-0: Sac Bunt to 15S - play at first, batter OUT! 1-4
Eugene McClellan to second
Batting: RHB Peer Kattenberg 0-0: Ball
1-0: Ground out 4-3 (Groundball, 4, EV 79.4 MPH)
Top of the 8th over - 0 runs, 0 hits, 0 errors, 1 left on base; Phoenix Hotspur 0 - Irving 1
BOTTOM OF THE 8TH
Irving Blue Sox batting - Pitching for Phoenix Hotspur Youth : RHP José Correa
Batting: RHB Broderick Sarcoma 0-0: Ball
1-0: Called Strike
1-1: Ground out 5-3 (Groundball, 56, EV 103.1 MPH)
Pitching: RHP Eduardo Arroyo
Batting: LHB Ánibal Leobardo 0-0: Ball
1-0: Fly out, F7 (Flyball, 7D, EV 90.0 MPH)
Batting: SHB Govaart Baars 0-0: Ball
1-0: Ball
2-0: Foul Ball, location: 2F
2-1: Foul Ball, location: 2F
2-2: Ground out U3 (Groundball, 3, EV 96.9 MPH)
Bottom of the 8th over - 0 runs, 0 hits, 0 errors, 0 left on base; Phoenix Hotspur 0 - Irving 1
TOP OF THE 9TH
Phoenix Hotspur Youth batting - Pitching for Irving Blue Sox : RHP Joe Holland
Pitching: RHP Joe Martarano
Batting: LHB Pancho Coloma 0-0: Reached on error, E5 (Groundball, 5, EV 88.1 MPH)
Batting: RHB Fernando González 0-0: Ball
1-0: Ball
2-0: Called Strike
2-1: Foul Ball, location: 2F
2-2: Ball
3-2: Foul Ball, location: 2F
3-2: Foul Ball, location: 2F
3-2: Base on Balls
Pancho Coloma to second
Pinch Runner at 2nd Wilbert Hall:
Batting: LHB Damian Alldred 0-0: Ball
1-0: Sac Bunt to 13S - play at first, batter OUT! 1-4
Wilbert Hall to third
Fernando González to second
Batting: RHB Nathan Pruitt 0-0: Intentional Walk
Pinch Hitting: LHB Keith York 0-0: Called Strike
0-1: Fly out, F6 (Popup, 4M, EV 58.1 MPH)
Pinch Hitting: LHB Juan Hernández 0-0: Ball
1-0: Foul Ball, location: 2F
1-1: Foul Ball, location: 2F
1-2: Ball
2-2: Strikes out swinging
Top of the 9th over - 0 runs, 0 hits, 1 error, 3 left on base; Phoenix Hotspur 0 - Irving 1
Thursday, January 23rd, 2020 - OOTP Baseball 20.8 Build 74